 Dungeon Crawl Stone Soup version 0.24-a0-201-gf205589 (console) character file.

Game seed: 15522005832043755128

31542 Duffy the Severer (level 13, -1/113 HPs)
             Began as a Minotaur Gladiator on Mar 22, 2019.
             Slain by a death yak (13 damage)
             ... on level 2 of the Lair of Beasts.
             The game lasted 00:15:10 (14214 turns).

Duffy the Severer (Minotaur Gladiator)             Turns: 14214, Time: 00:15:11

Health: -1/113     AC: 18    Str: 25    XL:     13   Next: 26%
Magic:  0/28       EV: 17    Int:  5    God:
Gold:   749        SH:  0    Dex: 18    Spells: 12/12 levels left

rFire    . . .     SeeInvis .   Y - +4 battleaxe (curse)
rCold    . . .     Gourm    .   (shield currently unavailable)
rNeg     . . .     Faith    .   w - +6 scale mail of Beauty {rPois Dex+4}
rPois    +         Spirit   +   c - +0 hat
rElec    .         Reflect  .   Q - +0 cloak {rPois}
rCorr    .         Harm     .   Z - +1 pair of gloves (curse)
MR       .....                  (no boots)
Stlth    ..........             T - amulet of guardian spirit
HPRegen  0.28/turn              p - ring of magical power
MPRegen  0.21/turn              V - +3 ring of strength

@: no status effects
A: retaliatory headbutt, horns 2
a: no special abilities


You were on level 2 of the Lair of Beasts.
You were not hungry.

You visited 2 branches of the dungeon, and saw 12 of its levels.
You also visited: Bailey and Volcano.

You collected 842 gold pieces.
You spent 93 gold pieces at shops.

Inventory:

Hand Weapons
 a - the +2 broad axe "Syuqash" {chop, Int+3, unknown}
   (You acquired it on level 2 of the Lair of Beasts)

   It inflicts extra damage upon your enemies.
   It affects your intelligence (+3).
 g - the cursed +0 dagger of Xom's Regard {venom, rElec Int+2, unknown}
   (You found it on level 7 of the Dungeon)

   It poisons the flesh of those it strikes.
   It affects your intelligence (+2).
   It insulates you from electricity.
   It has a curse placed upon it.
 t - a +0 blowgun
 G - a +5 war axe
 K - the cursed +1 war axe of the Philosopher {freeze, rN++ MP-9 Str+2 SInv}
   (You took it off a crimson imp on level 7 of the Dungeon)

   It has been specially enchanted to freeze those struck by it, causing extra
   injury to most foes and up to half again as much damage against particularly
   susceptible opponents.
   It can also slow down cold-blooded creatures.
   It affects your strength (+2).
   It greatly protects you from negative energy.
   It affects your magic capacity (-9).
   It lets you see invisible.
   It has a curse placed upon it.
 Y - a cursed +4 battleaxe (weapon)
Missiles
 d - 5 throwing nets (quivered)
 O - 71 tomahawks of returning
Armour
 c - a +0 hat (worn)
 w - the +6 scale mail of Beauty (worn) {rPois Dex+4}
   (You found it on level 4 of the Dungeon)

   It affects your dexterity (+4).
   It protects you from poison.
 D - a +2 chain mail of fire resistance
 Q - a +0 cloak of poison resistance (worn)
 Z - a cursed +1 pair of gloves (worn)
Magical Staves
 L - an uncursed staff of wizardry {unknown}
Jewellery
 i - an uncursed ring of fire
 j - an uncursed ring of protection from cold
 p - a ring of magical power (left hand)
 F - an uncursed ring of positive energy
 S - an uncursed ring of protection from cold
 T - an amulet of guardian spirit (around neck)
 V - a +3 ring of strength (right hand)
Wands
 n - a wand of paralysis (6)
 y - a wand of disintegration (3)
 B - a wand of flame (5)
 W - a wand of digging (7)
Scrolls
 b - 5 scrolls of teleportation
 h - 3 scrolls of fear
 q - a scroll of amnesia
 u - a scroll of blinking
 v - a scroll of fog
 x - 2 scrolls of enchant weapon
 A - a scroll of enchant armour
 I - 3 scrolls of immolation
 N - a scroll of noise
Potions
 e - 6 potions of curing
 k - 8 potions of mutation
 m - 3 potions of lignification
 o - 3 potions of flight
 r - a potion of haste
 s - 8 potions of magic
 z - 3 potions of heal wounds
 E - a potion of berserk rage
 M - 3 potions of might
 P - 2 potions of brilliance {unknown}
Comestibles
 f - 19 rations


   Skills:
 - Level 10.0 Fighting
 + Level 15.1 Axes
 - Level 2.0 Throwing
 - Level 10.0 Armour
 - Level 10.0 Dodging
 - Level 10.0 Evocations


You had 12 spell levels left.
You didn't know any spells.
Your spell library contained the following spells:

 Spells                   Type           Power        Failure   Level  Hunger
 Magic Dart               Conj           #...         73%         1    ##.....
 Sting                    Conj/Pois      #...         73%         1    ##.....
 Poisonous Vapours        Pois/Air       #.....       86%         2    ###....
 Searing Ray              Conj           #.....       86%         2    ###....
 Dazzling Spray           Conj/Hex       #.....       97%         3    ####...
 Mephitic Cloud           Conj/Pois/Air  #.......     97%         3    ####...
 Force Lance              Conj/Tloc      #.......     100%        4    #####..
 Fulminant Prism          Conj/Hex       #.........   100%        4    #####..
 Iskenderun's Mystic Bla  Conj           #.......     100%        4    #####..
 Olgreb's Toxic Radiance  Pois           #.......     100%        4    #####..
 Venom Bolt               Conj/Pois      #.........   100%        5    ######.


Dungeon Overview and Level Annotations

Branches:
Dungeon (10/15)            Temple (0/1) D:4            Lair (2/6) D:8
  Snake (0/4) Lair:2          Orc (0/2) D:9
  Swamp: Lair:2-4    Shoals: Lair:2-4

Altars:
Dithmenos
Hepliaklqana
Makhleb
Okawaru
Trog
Yredelemnul

Shops:
D:9 [

Annotations:
D:4 2 transporters, Hylith's ghost, amateur TeAE
D:9 3 runed translucent doors, Arthanis's ghost, novice GrBe


Innate Abilities, Weirdness & Mutations

You reflexively headbutt those who attack you in melee.
You have a pair of horns on your head.


Message History

You hit the death yak but do no damage.
The death yak is lightly wounded.
You slash the death yak! x2; You barely miss the death yak.
The death yak gores you! The death yak misses you.
The death yak gores you but does no damage.
The death yak gores you!
You slice the death yak!! You headbutt the death yak!
The death yak is heavily wounded.
You slice the death yak!! You barely miss the death yak.
You hit the death yak but do no damage. The death yak closely misses you.
The death yak gores you but does no damage. x2
You slice the death yak!!
The death yak is almost dead.
You hit the death yak. You slash the death yak! You hit the death yak.
The death yak gores you but does no damage. x4
You slice the death yak!!
The death yak is almost dead.
You hit the death yak. x2; You slash the death yak!
The death yak gores you! The death yak gores you. The death yak gores you!
You die...

**,,,...P..##.#.....#..##...##
,*,,,...............##.###...##
,,,,,.........................#
,,,,,........................##
,,,,,........................#*
,,,,,%.......................P#
,,,,,.........:....#...#+##P.##
,,,,,!..........YYY.#....##..#
,,,,,##.#.P.#...Y@.###+#+##..#*
,,,,,*##..#.###.....#*,,,**P..*
,,,,,**##...*#.....##*,,,,**,.#
,,,,,,,*....,##....###,,,,**,,*
,,,,,,**..,,,*#......#,,,**,,,*
,,,,,,,,,,,,*##....##..#****,,*
,,>,,**,,*,**#...<..#,..#***,**
,,,,,***,,**#.#..........,,,,**
,,,,,,**,***,,#....0.....,,,,,**


You could see 4 death yaks.

Vanquished Creatures
  A fire dragon (Volcano)
  3 two-headed ogres
  Urug (Lair:1)
  A death yak (Lair:2)
  An unseen horror (D:10)
  A lindwurm (Lair:2)
  An orc knight (Bailey)
  3 salamanders (Volcano)
  A black mamba (Lair:1)
  A spiny frog (Lair:1)
  2 komodo dragons (Lair:1)
  A troll (D:7)
  3 blink frogs (Lair:1)
  Grinder (D:6)
  2 hippogriffs
  4 wyverns
  A basilisk (Lair:1)
  5 fire bats (Volcano)
  18 yaks
  A hungry ghost (D:10)
  4 steam dragons (Volcano)
  Menkaure (D:6)
  3 water moccasins (Lair:1)
  2 porcupines (Lair:1)
  4 orc warriors
  3 ice beasts
  2 phantoms
  4 sky beasts
  5 ogres
  4 wolves
  3 centaurs
  9 crocodiles
  3 big kobolds
  8 bullfrogs
  7 scorpions
  A water moccasin skeleton (D:7)
  4 electric eels
  9 wights
  5 howler monkeys
  13 crimson imps
  2 centaur zombies
  9 hounds
  2 jellies
  7 orc priests
  2 bullfrog skeletons
  A centaur skeleton (D:9)
  11 orc wizards
  2 iguanas
  5 worker ants
  2 hell rats (Lair:1)
  A killer bee zombie (D:8)
  A hound zombie (D:9)
  A hound skeleton (D:4)
  A worker ant zombie (D:5)
  13 gnolls (Bailey)
  A howler monkey skeleton (D:5)
  10 river rats (Lair:1)
  7 adders
  3 shadow imps
  A white imp (D:7)
  2 adder skeletons
  4 worms
  A dart slug (D:1)
  5 leopard geckos
  27 orcs
  3 ball pythons
  9 giant cockroaches
  7 goblins
  22 hobgoblins
  2 quokkas
  12 bats
  3 frilled lizards (D:3)
  A jackal zombie (D:7)
  48 kobolds
  2 quokka skeletons (D:7)
  8 rats
  6 plants (Volcano)
390 creatures vanquished.

Vanquished Creatures (others)
  A wyvern (Volcano)
  A steam dragon (Volcano)
  A fungus (Lair:1)
  9 plants
12 creatures vanquished.

Grand Total: 402 creatures vanquished

Notes
Turn   | Place    | Note
-------+----------+-------------------------------------------
     0 | D:1      | Duffy the Minotaur Gladiator began the quest for the Orb.
     0 | D:1      | Reached XP level 1. HP: 18/18 MP: 0/0
   162 | D:1      | Reached skill level 4 in Axes
   166 | D:1      | Reached XP level 2. HP: 23/25 MP: 1/1
   621 | D:1      | Reached skill level 5 in Axes
   674 | D:1      | Reached XP level 3. HP: 30/30 MP: 2/2
  1531 | D:3      | Reached XP level 4. HP: 37/37 MP: 3/3
  1536 | D:3      | Reached skill level 6 in Axes
  1930 | D:3      | HP: 1/37 [poisoned by a kobold]
  2338 | D:4      | Reached skill level 7 in Axes
  2338 | D:4      | Reached XP level 5. HP: 41/42 MP: 4/4
  2431 | D:4      | Found a staircase to the Ecumenical Temple.
  2442 | D:4      | Found a transporter.
  2468 | D:4      | Noticed Hylith's ghost (amateur TeAE)
  2495 | D:4      | Found a transporter.
  2853 | D:4      | Got a heavily runed scale mail
  2877 | D:4      | Reached skill level 1 in Evocations
  2999 | D:5      | Entered Level 5 of the Dungeon
  3057 | D:4      | HP: 2/42 [poisoned by a worker ant]
  3064 | D:4      | HP: 1/42 [poisoned by a worker ant]
  3072 | D:4      | HP: 1/42 [poisoned by a worker ant]
  3372 | D:4      | Reached XP level 6. HP: 49/50 MP: 6/6
  3634 | D:5      | Identified the +6 scale mail of Beauty {rPois Dex+4} (You
                  | found it on level 4 of the Dungeon)
  3750 | D:5      | Noticed a sky beast
  3751 | D:5      | Noticed an ice beast
  3759 | D:4      | Reached skill level 8 in Axes
  3970 | D:4      | Killed a sky beast
  4023 | D:5      | Killed an ice beast
  4023 | D:5      | Reached XP level 7. HP: 44/56 MP: 8/8
  4174 | D:5      | Reached skill level 9 in Axes
  4882 | D:5      | Reached XP level 8. HP: 62/62 MP: 10/10
  4922 | D:5      | Found a bloodstained altar of Trog.
  4923 | D:5      | Found a basalt altar of Yredelemnul.
  5028 | D:6      | Reached skill level 5 in Evocations
  5081 | D:6      | Reached skill level 10 in Axes
  5218 | D:6      | Reached skill level 1 in Armour
  5486 | D:6      | Noticed Grinder
  5490 | D:6      | Noticed Menkaure
  5497 | D:6      | Killed Menkaure
  5498 | D:6      | Paralysed by Grinder for 6 turns
  5507 | D:6      | Killed Grinder
  5802 | D:6      | Reached XP level 9. HP: 69/72 MP: 12/12
  5886 | D:6      | Reached skill level 5 in Dodging
  5890 | D:6      | Reached skill level 5 in Fighting
  5929 | D:6      | Reached skill level 5 in Armour
  6193 | D:7      | Got a jewelled dagger
  6540 | D:7      | Found a burning altar of Makhleb.
  6779 | D:7      | Identified the cursed +1 war axe of the Philosopher
                  | {freeze, rN++ MP-9 Str+2 SInv}
  6852 | D:7      | Reached XP level 10. HP: 43/86 MP: 13/13
  7490 | D:8      | Found a staircase to the Lair.
  7879 | D:8      | Found an iron altar of Okawaru.
  7987 | D:8      | Found a shadowy altar of Dithmenos.
  7987 | D:8      | Found a hazy altar of Hepliaklqana.
  8464 | D:9      | Found a staircase to the Orcish Mines.
  8464 | D:9      | Found Nudus's Armour Shop.
  8496 | D:9      | Bought a +0 cloak of poison resistance for 93 gold pieces
  8594 | D:9      | Found a runed translucent gate.
  8595 | D:9      | Found a runed translucent gate.
  8596 | D:9      | Found a runed translucent gate.
  8597 | D:9      | Noticed Arthanis's ghost (novice GrBe)
  8598 | D:9      | Noticed a nine-headed hydra
  8604 | D:9      | Found a flagged portal.
  8617 | Bailey   | Entered a bailey
  9114 | Bailey   | Noticed an orc knight
  9123 | Bailey   | Killed an orc knight
 10103 | D:9      | You fall through a shaft!
 10103 | D:10     | Entered Level 10 of the Dungeon
 10815 | D:10     | Noticed a two-headed ogre
 10821 | D:10     | Killed a two-headed ogre
 10826 | D:10     | Reached XP level 11. HP: 74/97 MP: 14/14
 10980 | D:10     | Killed an unseen horror
 11120 | D:10     | Reached skill level 10 in Fighting
 11375 | Lair:1   | Entered Level 1 of the Lair of Beasts
 11465 | Lair:1   | Reached skill level 10 in Armour
 11631 | Lair:1   | Reached skill level 10 in Dodging
 12076 | Lair:1   | Reached skill level 11 in Axes
 12426 | Lair:1   | Noticed Urug
 12461 | Lair:1   | Killed Urug
 12637 | Lair:1   | Reached skill level 14 in Axes
 12637 | Lair:1   | Reached XP level 12. HP: 84/106 MP: 17/17
 13034 | Lair:2   | Identified a scroll of acquirement
 13035 | Lair:2   | Got a warped broad axe
 13076 | Lair:2   | Found a dark tunnel.
 13089 | Volcano  | Entered a volcano
 13132 | Volcano  | Reached XP level 13. HP: 72/113 MP: 17/18
 13474 | Volcano  | Reached skill level 10 in Evocations
 13691 | Volcano  | Noticed a fire dragon
 13703 | Volcano  | Killed a fire dragon
 13703 | Volcano  | Reached skill level 15 in Axes
 14214 | Lair:2   | Slain by a death yak

Levels and vault maps discovered:
D:1:      lightli_arrival_quake, layout_loops_ring
D:2:      layout_rooms, first_ration
D:3:      layout_rooms
D:4:      layout_basic, minmay_temple_entry_purple_smoke,
          gammafunk_ghost_stat_death
D:5:      layout_cave_pools, minitemple
D:6:      kennysheep_kobold_camp, layout_rooms,
          minmay_a_box_with_orc_wizards_in_it, uniq_grinder, uniq_menkaure
D:7:      layout_rooms, nicolae_overflow_crystal_walls, minmay_nine_imps
D:8:      layout_layer_cave, gammafunk_temple_overflow_forgotten,
          erik_lair_island
D:9:      layout_layer_cave, orc_david_3, enter_bailey_1,
          gammafunk_ghost_hydra_chop
D:10:     layout_roguey
Lair:1:   layout_hall_layers, kennysheep_rathole, serial_bayou_shore_a,
          grunt_megastairs_4, uniq_urug
Lair:2:   layout_regular_city, minmay_snake_entry_guardpost_small,
          nicolae_volcano_entry_vermiform
Bailey:   bailey_axe_2, bailey
Volcano:  pf_volcano_lost_world

Skill      XL: |  1  2  3  4  5  6  7  8  9 10 11 12 13 |
---------------+----------------------------------------+-----
Axes           | 4 5 7 8 9 10 14 15 | 15.1
Evocations     | 2 3 4 6 8 9 10 | 10.0
Fighting       | 4 7 9 10 | 10.0
Armour         | 3 6 9 10 | 10.0
Dodging        | 4 7 9 10 | 10.0
Throwing       | |  2.0

Action                   |  1- 3 |  4- 6 |  7- 9 | 10-12 | 13-15 || total
-------------------------+-------+-------+-------+-------+-------++-------
Melee: War axe           |    77 |   126 |   259 |   227 |       ||   689
       Headbutt          |     8 |    22 |    55 |    92 |    22 ||   199
       Battleaxe         |       |       |       |   112 |    64 ||   176
Evoke: Wand              |       |     1 |     7 |    12 |       ||    20
  Use: Scroll            |       |     9 |     5 |    13 |       ||    27
       Potion            |       |       |       |     1 |       ||     1
 Stab: Paralysed         |       |     2 |       |     3 |       ||     5
  Eat: Chunk             |     2 |     8 |     9 |    15 |     3 ||    37
       Ration            |       |       |       |     2 |       ||     2
Armor: Leather armour    |     7 |       |       |       |       ||     7
       Chain mail        |    37 |    72 |       |       |       ||   109
       Scale mail        |       |    18 |   119 |   180 |    23 ||   340
       Fire dragon scale |       |       |       |       |    11 ||    11
Dodge: Dodged            |    59 |    69 |   163 |   379 |    50 ||   720

Table legend:
 A = Non-vault XP
 B = Vault XP
 C = Vault XP percentage of total XP
 D = Non-vault monster count
 E = Vault monster count
 F = Vault count percentage of total count
                 A         B        C        D         E       F
            +---------+---------+-------+---------+---------+-------
      Total |   16770 |   12960 |  43.6 |     260 |     125 |  32.5
            +---------+---------+-------+---------+---------+-------
        D:1 |      48 |       0 |   0.0 |      25 |       0 |   0.0
        D:2 |      43 |       0 |   0.0 |      17 |       0 |   0.0
        D:3 |      69 |       0 |   0.0 |      31 |       0 |   0.0
        D:4 |     489 |       0 |   0.0 |      12 |       0 |   0.0
        D:5 |     799 |       0 |   0.0 |      24 |       0 |   0.0
        D:6 |    1899 |     667 |  26.0 |      19 |      25 |  56.8
        D:7 |    1373 |     821 |  37.4 |      30 |      11 |  26.8
        D:8 |     806 |     653 |  44.8 |      16 |       8 |  33.3
        D:9 |    1304 |       6 |   0.5 |      20 |       2 |   9.1
       D:10 |    3154 |       0 |   0.0 |      35 |       0 |   0.0
     Lair:1 |    5957 |    1830 |  23.5 |      30 |      18 |  37.5
     Lair:2 |     829 |     676 |  44.9 |       1 |       1 |  50.0
     Bailey |       0 |     810 | 100.0 |       0 |      34 | 100.0
    Volcano |       0 |    7497 | 100.0 |       0 |      26 | 100.0
            +---------+---------+-------+---------+---------+-------
